 Dungeon Crawl Stone Soup version 0.21.0-3-g78d12a8 (webtiles) character file.

261 Larett the Cleaver (level 5, -2/45 HPs)
             Began as a Minotaur Berserker on Jan 8, 2018.
             Was a Believer of Trog.
             Slain by Grinder (9 damage)
             ... on level 3 of the Dungeon.
             The game lasted 00:05:50 (1899 turns).

Larett the Cleaver (Minotaur Berserker)             Turns: 1899, Time: 00:05:50

Health: -2/45      AC:  2    Str: 21    XL:     5   Next: 96%
Magic:  4/4        EV: 12    Int:  4    God:    Trog [**....]
Gold:   103        SH:  0    Dex: 11    Spells: 4/4 levels left

rFire    . . .     SeeInvis .   a - +0 hand axe
rCold    . . .     Gourm    .   (no shield)
rNeg     . . .     Faith    .   b - +0 animal skin
rPois    .         Spirit   .   (helmet restricted)
rElec    .         Reflect  .   (no cloak)
rCorr    .         Harm     .   (no gloves)
MR       .....                  (no boots)
Stlth    +.........             (no amulet)
HPRegen  0.15/turn              (no ring)
MPRegen  0.09/turn              (no ring)

@: berserk cooldown, slowed, very slow
A: retaliatory headbutt, horns 2
a: Berserk, Trog's Hand, Burn Spellbooks, Renounce Religion


You were on level 3 of the Dungeon.
You worshipped Trog.
Trog was pleased with you.
You were very hungry.

You visited 1 branch of the dungeon, and saw 3 of its levels.

You collected 103 gold pieces.

Inventory:

Hand Weapons
 a - a +0 hand axe (weapon)
 u - a +1 scythe of freezing
 w - a +0 dagger of flaming
Missiles
 h - 107 stones
 i - 3 curare-tipped needles
 k - 2 tomahawks (quivered)
Armour
 b - a +0 animal skin (worn)
Jewellery
 g - an uncursed amulet of magic regeneration
Scrolls
 d - a scroll of blinking {unknown}
 j - a scroll of remove curse {unknown}
 m - a scroll of teleportation {unknown}
 n - a scroll of fog {unknown}
 o - 5 scrolls of identify {unknown}
 r - a scroll of enchant weapon {unknown}
 s - a scroll of immolation {unknown}
Potions
 p - a potion of brilliance {unknown}
Comestibles
 c - 4 rations
 v - 2 chunks of flesh


   Skills:
 - Level 3.6 Fighting
 + Level 8.1 Axes
 - Level 2.4 Armour
 - Level 2.1 Dodging


You had 4 spell levels left.
You didn't know any spells.

Dungeon Overview and Level Annotations

Branches:
Dungeon (3/15)

Altars:

Annotations:
D:3 Grinder


Innate Abilities, Weirdness & Mutations

You reflexively headbutt those who attack you in melee.
You have a pair of horns on your head.


Message History

Grinder is moderately wounded.
Grinder says, "At least Makhleb appreciates what I'm doing."
Grinder gestures at you.
You suddenly lose the ability to move!
Grinder hits you!
You writhe in agony.
You can move again.
You hit Grinder but do no damage.
Grinder is moderately wounded.
Grinder hits you!
* * * LOW HITPOINT WARNING * * *
Grinder blinks!
An orc wizard comes into view. It is wielding a dagger.
The orc wizard shouts!
The orc wizard casts a spell at you. The magic dart hits you!
* * * LOW HITPOINT WARNING * * *
Grinder says, "Tell me all your secrets, or I'll kill you."
Grinder barely misses you. You furiously retaliate!
You headbutt Grinder. Grinder hits you!
You die...

........# #....)..
.[......## ###.......
.....)...####.........
......##.)....#.......
###.##....)######.......
...##.#.....# ##..####
...........# #.##
.#.##.....# ...
#.5@.....# .....
###......# ......
#.......# ##........
......[#.. ........#...
....o>....... .#........
#..........


You could see Grinder and an orc wizard.

Vanquished Creatures
  Sigmund (D:2)
  4 adders
  An ooze (D:3)
  A worm (D:2)
  3 dart slugs (D:1)
  2 leopard geckos
  An orc (D:3)
  5 bats
  5 hobgoblins
  3 jackals (D:1)
  7 kobolds
  A ball python (D:1)
  6 frilled lizards
  6 goblins
  8 rats
54 creatures vanquished.

Vanquished Creatures (others)
  A leopard gecko (D:3)
  A hobgoblin (D:3)
2 creatures vanquished.

Grand Total: 56 creatures vanquished

Notes
Turn   | Place    | Note
-------+----------+-------------------------------------------
     0 | D:1      | Larett the Minotaur Berserker began the quest for the Orb.
     0 | D:1      | Reached XP level 1. HP: 19/19 MP: 0/0
    28 | D:1      | Reached skill level 4 in Axes
   139 | D:1      | Reached XP level 2. HP: 22/26 MP: 1/1
   386 | D:1      | Reached skill level 5 in Axes
   436 | D:1      | Reached ** piety under Trog
   436 | D:1      | Reached XP level 3. HP: 27/31 MP: 2/2
   938 | D:2      | HP: 1/31 [worm (5)]
  1308 | D:2      | Found a faded altar of an unknown god.
  1555 | D:2      | Reached skill level 6 in Axes
  1555 | D:2      | Reached XP level 4. HP: 39/39 MP: 3/3
  1665 | D:2      | Noticed Sigmund
  1675 | D:2      | Killed Sigmund
  1675 | D:2      | Reached skill level 7 in Axes
  1675 | D:2      | Reached XP level 5. HP: 45/45 MP: 4/4
  1728 | D:3      | Reached skill level 8 in Axes
  1878 | D:3      | Noticed Grinder
  1895 | D:3      | Paralysed by Grinder for 2 turns
  1899 | D:3      | Slain by Grinder

Skill      XL: |  1  2  3  4  5 |
---------------+----------------+-----
Axes           | 4 5 6 7 8 |  8.1
Fighting       | |  3.6
Armour         | |  2.4
Dodging        | |  2.1

Action                   |  1- 3 |  4- 6 || total
-------------------------+-------+-------++-------
Melee: Hand axe          |    77 |    28 ||   105
       Headbutt          |    11 |     7 ||    18
Throw: Tomahawk          |     2 |       ||     2
Invok: Trog's Hand       |     1 |     3 ||     4
       Burn Spellbooks   |     1 |       ||     1
       Berserk           |       |     2 ||     2
  Use: Potion            |       |     1 ||     1
  Eat: Chunk             |     2 |     3 ||     5
Armor: Animal skin       |     9 |     7 ||    16
Dodge: Dodged            |    45 |    12 ||    57
